 Dungeon Crawl Stone Soup version 0.14-a0-1876-g927fc3a (webtiles) character file.

229 Mitsuki the Chopper (level 4, -1/41 HPs)
             Began as a Lava Orc Berserker on Jan 15, 2014.
             Was a Believer of Trog.
             Killed from afar by Ijyb (2 damage)
             ... with a wand of frost
             ... while paralysed by a potion of paralysis
             ... on Level 3 of the Dungeon.
             The game lasted 00:05:33 (1399 turns).

Mitsuki the Chopper (Lava Orc Berserker)            Turns: 1399, Time: 00:05:33

HP  -1/41        AC 10     Str 20      XL: 4   Next: 23%
MP   4/4         EV  2     Int 10      God: Trog [**....]
Gold 145         SH  0     Dex 10      Spells:  0 memorised,  3 levels left

rFire  + + .     SeeInvis .     a - +0 orc hand axe
rCold  . . .     Clarity  .     h - +1 dwarf scale mail
rNeg   . . .     Conserve .     (no shield)
rPois  .         rCorr    .     u - +0 helmet
rElec  .         rRot     .     (no cloak)
SustAb . .       Spirit   .     (no gloves)
rMut   .         Warding  .     g - +0 pair of boots
Saprov + . .     Stasis   .     (no amulet)
MR     .....                    (no ring)
                                o - +3 ring of intelligence

@: paralysed, not resistant to hostile enchantments, extremely unstealthy
A: conserve scrolls, saprovore 1
a: Burn Spellbooks, Berserk, Trog's Hand, Renounce Religion


You were on level 3 of the Dungeon.
You worshipped Trog.
Trog was pleased with you.
You were hungry.

You visited 1 branch of the dungeon, and saw 3 of its levels.

You collected 145 gold pieces.

Inventory:

Hand weapons
 a - a +0,+0 orcish hand axe (weapon)
Armour
 g - a +0 pair of boots (worn)
 h - a +1 dwarven scale mail (worn)
 u - a +0 helmet (worn)
Comestibles
 c - a meat ration
 j - 2 bread rations
Scrolls
 b - a scroll of recharging {unknown}
 d - a scroll of curse armour {unknown}
 e - 2 scrolls of enchant armour {unknown}
 f - a scroll of teleportation {unknown}
 i - a scroll of fog {unknown}
 p - a scroll of noise {unknown}
 q - a scroll of identify {unknown}
 r - a scroll of enchant weapon I {unknown}
 s - 3 scrolls of remove curse {unknown}
 t - 2 scrolls of magic mapping {unknown}
Jewellery
 o - a +3 ring of intelligence (left hand)
Potions
 k - a potion of curing {unknown}
 l - 2 potions of magic {unknown}
 m - a potion of restore abilities {unknown}
 v - a potion of paralysis


   Skills:
 + Level 4.7 Fighting
 + Level 5.0 Axes
 + Level 2.8 Armour
 - Level 1.5 Dodging


You had 3 spell levels left.
You didn't know any spells.

Dungeon Overview and Level Annotations

Branches:
Dungeon (3/16)

Altars:
Vehumet

Annotations:
D:3 Ijyb


Innate Abilities, Weirdness & Mutations

You have stony skin.
Your flesh is very heat resistant.
Your lava-based spells are more powerful.
Your flesh is vulnerable to cold.
Your heat harms attackers.
You bathe your surroundings in blazing heat.
You are too hot to use scrolls.
You are very good at protecting items from fire.
You can tolerate rotten meat.


Message History

Ijyb is lightly wounded.
Ijyb misses you.
You hit Ijyb.
Ijyb is moderately wounded.
Ijyb zaps a wand.
The puff of frost hits you!
Your fizzy inky potion freezes and shatters!
Ijyb barely misses you.
You closely miss Ijyb.
Ijyb is moderately wounded.
Ijyb zaps a wand.
The puff of frost hits you!
You barely miss Ijyb.
Ijyb is moderately wounded.
Ijyb zaps a wand.
The puff of frost hits you!
* * * LOW HITPOINT WARNING * * *
You are too injured to fight recklessly!
Drink which item? (? for menu, Esc to quit)
You suddenly lose the ability to move!
It was a potion of paralysis.
Your stony skin melts.
Ijyb zaps a wand.
The puff of frost hits you!
You die...

#.####...#.#.....
#........# #..##.
#################.#
#..##.
#.................#
#.....
#.###########.....#
##.##. #.# #.##.##
#.##. #.# #.....#
#.###
#.#################
#.#
#........@g.......
#.###
##################
#.... ###.# ###


You could see Ijyb.

Vanquished Creatures
  2 gnolls (D:2)
  An adder (D:2)
  A giant mite (D:2)
  2 giant geckos
  An ooze (D:2)
  3 giant cockroaches
  5 goblins
  4 hobgoblins
  6 kobolds
  3 bats
  5 giant newts
  7 jackals (D:1)
  4 rats
44 creatures vanquished.

Notes
Turn   | Place    | Note
--------------------------------------------------------------
     0 | D:1      | Mitsuki, the Lava Orc Berserker, began the quest for the Orb.
     0 | D:1      | Reached XP level 1. HP: 19/19 MP: 1/1
   110 | D:1      | Reached skill level 4 in Axes
   110 | D:1      | Reached XP level 2. HP: 22/27 MP: 2/2
   532 | D:1      | Acquired Trog's second power
   634 | D:2      | Reached XP level 3. HP: 31/33 MP: 3/3
   943 | D:2      | Reached XP level 4. HP: 37/41 MP: 4/4
   956 | D:2      | Found a radiant altar of Vehumet.
  1250 | D:3      | Reached skill level 5 in Axes
  1390 | D:3      | Noticed Ijyb
  1398 | D:3      | HP: 1/41 [Ijyb/wand of frost (14)]
  1399 | D:3      | Paralysed by a potion of paralysis for 5 turns
  1399 | D:3      | Killed from afar by Ijyb

Action                   |  1- 3 |  4- 6 || total
-------------------------+-------+-------++-------
Melee: Hand axe          |   103 |    32 ||   135
Invok: Trog's Hand       |     1 |       ||     1
  Use: Potion            |       |     1 ||     1
